 Dungeon Crawl Stone Soup version 0.26.1-2-gb8aa6d0cf2 (webtiles) character file.

Game seed: 11033362694224069566

88 hawla the Conjurer (level 4, -4/25 HPs)
             Began as a Deep Elf Conjurer on Feb 25, 2021.
             Slain by an ogre
             ... wielding a +0 giant spiked club
              (24 damage)
             ... on level 2 of the Dungeon.
             The game lasted 00:05:44 (1595 turns).

hawla the Conjurer (Deep Elf Conjurer)              Turns: 1595, Time: 00:05:45

Health: -4/25      AC:  2    Str:  4    XL:     4   Next: 29%
Magic:  0/12       EV: 13    Int: 24    God:
Gold:   78         SH:  0    Dex: 13    Spells: 4/11 levels left

rFire    + . .     SeeInvis .   (no weapon)
rCold    + . .     Faith    .   (no shield)
rNeg     . . .     Spirit   .   a - +0 robe
rPois    +         Reflect  .   (no helmet)
rElec    +         Harm     .   (no cloak)
rCorr    +         Rampage  .   (no gloves)
Will     .....                  (no boots)
Stlth    ++........             (no amulet)
HPRegen  0.08/turn              (no ring)
MPRegen  0.13/turn              (no ring)

@: resistant
A: no striking features
a: no special abilities


You were on level 2 of the Dungeon.
You visited 1 branch of the dungeon, and saw 2 of its levels.

You collected 78 gold pieces.

Inventory:

Missiles
 b - 5 datura-tipped darts
Armour
 a - a +0 robe (worn)
Scrolls
 c - 2 scrolls of remove curse
 e - a scroll of blinking {unknown}
 f - a scroll of identify
Potions
 d - a potion of brilliance


   Skills:
 - Level 1.0 Fighting
 - Level 3.0 Dodging
 - Level 3.0 Stealth
 + Level 4.2 Spellcasting
 - Level 5.0 Conjurations
 - Level 1.0 Translocations


You had 4 spell levels left.
You knew the following spells:

 Your Spells              Type           Power        Failure   Level
a - Magic Dart            Conj           100%         1%          1
b - Searing Ray           Conj           58%          1%          2
c - Iskenderun's Mystic   Conj/Tloc      19%          28%         4

Your spell library contained the following spells:

 Spells                   Type           Power        Failure   Level
 Dazzling Flash           Conj/Hex       34%          11%         3
 Fulminant Prism          Conj/Hex       8%           34%         4


Dungeon Overview and Level Annotations

Branches:
Dungeon (2/15)

Altars:


Message History

Unknown command.
It was a potion of heal wounds.
You feel much better. The ogre misses you.
It was a potion of resistance.
You feel protected. The ogre completely misses you.
Found a scroll of identify.
Your magical contamination has completely faded away.
Casting: Iskenderun's Mystic Blast (potentially lethal; 28% risk of failure)
Confirm with . or Enter, or press ? or * to list all spells.
Aiming: Searing Ray (safe; 1% risk of failure)
Press: ? - help, Shift-Dir - straight line, f - ogre
Aim: an ogre, wielding a +0 giant spiked club (moderately wounded, 10% to evade)
The searing ray hits the ogre.
The ogre is moderately wounded. (Press . to maintain the ray.)
The searing ray hits the ogre!
The ogre is severely wounded.
The ogre hits you with a +0 giant spiked club!!
Ouch! That really hurt!
You die...

#.............#
#.............#
#?............#
#.............#
#.............#
#.............
#.....#####+#
#.O...# #.@...#
#######


You could see an ogre.

Vanquished Creatures
  5 adders (D:2)
  An ooze (D:1)
  2 dart slugs (D:1)
  A leopard gecko (D:2)
  2 bats (D:1)
  2 giant cockroaches (D:1)
  6 goblins
  4 hobgoblins
  A quokka (D:2)
  3 ball pythons
  A frilled lizard (D:2)
  3 kobolds (D:2)
  4 rats
35 creatures vanquished.

Notes
Turn   | Place    | Note
-------+----------+-------------------------------------------
     0 | D:1      | hawla the Deep Elf Conjurer began the quest for the Orb.
     0 | D:1      | Reached XP level 1. HP: 10/10 MP: 6/6
   237 | D:1      | Reached XP level 2. HP: 13/15 MP: 0/8
   240 | D:1      | Learned a level 2 spell: Searing Ray
   649 | D:1      | Reached skill level 1 in Translocations
   959 | D:2      | Reached XP level 3. HP: 20/20 MP: 2/9
  1154 | D:2      | Reached skill level 1 in Fighting
  1154 | D:2      | Reached XP level 4. HP: 25/25 MP: 6/11
  1165 | D:2      | Learned a level 4 spell: Iskenderun's Mystic Blast
  1177 | D:2      | Reached skill level 5 in Conjurations
  1400 | D:2      | Noticed an ogre
  1595 | D:2      | Slain by an ogre

Illustrated notes

Levels and vault maps discovered:
D:1:      dpeg_arrival_round_b, layout_basic
D:2:      layout_basic

Skill      XL: |  1  2  3  4 |
---------------+-------------+-----
Translocations | 1 |  1.0
Stealth        | 3 |  3.0
Fighting       | 1 |  1.0
Dodging        | 3 |  3.0
Spellcasting   | 4 |  4.2
Conjurations   | 5 |  5.0

Action                   |  1- 3 |  4- 6 || total
-------------------------+-------+-------++-------
Melee: Unarmed           |     4 |       ||     4
 Cast: Magic Dart        |    25 |     3 ||    28
       Searing Ray       |    13 |     4 ||    17
       Iskenderun's Myst |       |     3 ||     3
  Use: Potion            |     1 |     3 ||     4
       Scroll            |     1 |     1 ||     2
Armor: Robe              |     5 |     2 ||     7
Dodge: Dodged            |    21 |    14 ||    35
